 Dungeon Crawl Stone Soup version 0.15.2 (webtiles) character file.

4540 MirrMurr the Conjurer (level 10, 28/37 HPs)
             Began as a Felid Conjurer on Sept 5, 2014.
             Was a High Priest of Vehumet.
             Quit the game on Level 3 of the Lair of Beasts on July 30, 2018.
             The game lasted 01:35:31 (22088 turns).

MirrMurr the Conjurer (Felid Conjurer)             Turns: 22088, Time: 01:35:31

HP  28/37        AC  2     Str  7      XL: 10   Next: 17%
MP  26/29        EV 19     Int 20      God: Vehumet [*****.]
Gold 538         SH  0     Dex 23      Spells:  8 memorised,  1 level left
Lives: 0, deaths: 3

rFire  . . .     SeeInvis +     (weapon unavailable)
rCold  . . .     Clarity  .     (armour unavailable)
rNeg   + . .     rCorr    .     (shield unavailable)
rPois  .         rRot     .     (helmet unavailable)
rElec  .         Spirit   .     (cloak unavailable)
SustAb +         Warding  +     (gloves unavailable)
rMut   .         Stasis   .     (boots unavailable)
Gourm  .                        Q - amulet of warding
MR     +....                    A - ring "Tyss" {SustAb +Inv Str+3 Stlth+}
                                w - +6 ring of dexterity

@: quick, somewhat resistant to hostile enchantments, fairly stealthy
A: paw claws, no armour, no weapons or thrown items, fangs 3, see invisible,
carnivore 3, speed 1, shaggy fur 2, slow metabolism 1, jump 2
a: Jump Attack, Renounce Religion, Evoke Invisibility


You were on level 3 of the Lair of Beasts.
You worshipped Vehumet.
Vehumet was extremely pleased with you.
You were not hungry.

You visited 3 branches of the dungeon, and saw 15 of its levels.

You collected 778 gold pieces.
You spent 240 gold pieces at shops.

Inventory:

Magical devices
 i - a wand of confusion (12)
 o - a wand of cold (6)
 D - a wand of digging (23)
 H - a wand of disintegration (6)
 I - a wand of fire (7)
Comestibles
 b - 5 meat rations
 d - 10 slices of pizza
 f - 4 beef jerkies
 k - a royal jelly
 q - a chunk of centaur flesh
Scrolls
 g - 9 scrolls of remove curse
 l - 6 scrolls of teleportation
 x - 2 scrolls of magic mapping
 y - 4 scrolls of fog
 J - 3 scrolls of amnesia
Jewellery
 t - the cursed ring of the Duchess {rC+ Stlth--}
   (You found it on level 4 of the Dungeon)

   [ring of protection from cold]

   It protects you from cold.
   It makes you much less stealthy.
   It has a curse placed upon it.
 w - a +6 ring of dexterity (left paw)
 A - the ring "Tyss" (right paw) {SustAb +Inv Str+3 Stlth+}
   (You found it on level 8 of the Dungeon)

   [ring of sustain abilities]

   It sustains your strength, intelligence and dexterity.
   It affects your strength (+3).
   It lets you turn invisible.
   It makes you more stealthy.
 B - a cursed ring of teleportation
 E - an uncursed ring of wizardry
 Q - an amulet of warding (around neck)
Potions
 e - 2 potions of restore abilities {unknown}
 h - 2 potions of mutation {unknown}
 j - 3 potions of magic
 m - a potion of brilliance {unknown}
 n - 2 potions of might
 p - a potion of agility {unknown}
 r - 5 potions of curing
 u - 2 potions of heal wounds
 z - 2 potions of berserk rage
Books
 a - a book of Power

   Spells                             Type                      Level
   Fulminant Prism                    Conjuration/Hexes            4
   Iskenderun's Mystic Blast          Conjuration                  4
   *Venom Bolt                        Conjuration/Poison           5
   Bolt of Magma                      Conjuration/Fire/Earth       5
   Iron Shot                          Conjuration/Earth            6
   Orb of Destruction                 Conjuration                  7
 c - a book of Conjurations

   Spells                             Type                      Level
   *Magic Dart                        Conjuration                  1
   Searing Ray                        Conjuration                  2
   *Dazzling Spray                    Conjuration/Hexes            3
   Fulminant Prism                    Conjuration/Hexes            4
   Iskenderun's Mystic Blast          Conjuration                  4
   *Iskenderun's Battlesphere         Conjuration/Charms           5
 s - a book of Alchemy

   Spells                             Type                      Level
   Sublimation of Blood               Necromancy                   2
   Alistair's Intoxication            Transmutation/Poison         4
   Condensation Shield                Ice                          4
   Petrify                            Transmutation/Earth          4
   Ignite Poison                      Fire/Transmutation           5
 v - a book of the Sky

   Spells                             Type                      Level
   Flight                             Charms/Air                   3
   Airstrike                          Air                          4
   Silence                            Hexes/Air                    5
   Deflect Missiles                   Charms/Air                   6
   Conjure Ball Lightning             Conjuration/Air              6
   Tornado                            Air                          9
 C - a book of Wizardry

   Spells                             Type                      Level
   Agony                              Necromancy                   5
   Force Lance                        Conjuration                  5
   Dispersal                          Translocation                6
   Haste                              Charms                       6
   Invisibility                       Hexes                        6
   Spellforged Servitor               Conjuration/Summoning        7
 G - a book of Death

   Spells                             Type                      Level
   Corpse Rot                         Necromancy                   2
   Sublimation of Blood               Necromancy                   2
   Agony                              Necromancy                   5
   Dispel Undead                      Necromancy                   5
   Excruciating Wounds                Charms/Necromancy            5
   Bolt of Draining                   Conjuration/Necromancy       5


   Skills:
 - Level 2.6 Dodging
 + Level 7.9 Stealth
 - Level 8.3 Spellcasting
 - Level 12.0 Conjurations
 - Level 4.1 Hexes
 - Level 8.8 Charms
 + Level 9.9 Evocations


You had one spell level left.
You knew the following spells:

 Your Spells              Type           Power        Failure   Level  Hunger
a - Magic Dart            Conj           ####         1%          1    None
b - Flame Tongue          Conj/Fire      ####.        1%          1    None
c - Iskenderun's Battles  Conj/Chrm      ######..     1%          5    ####...
d - Dazzling Spray        Conj/Hex       #####...     1%          3    None
e - Venom Bolt            Conj/Pois      ####......   5%          5    ####...
f - Throw Frost           Conj/Ice       ####..       1%          2    None
g - Stone Arrow           Conj/Erth      ####..       1%          3    None
h - Throw Icicle          Conj/Ice       ####....     2%          4    ###....


Dungeon Overview and Level Annotations

Branches:
Dungeon (11/15)            Temple (1/1) D:4             Orc (0/4) D:9
   Lair (3/8) D:11         Spider (0/5) Lair:3
  Swamp: Lair:3-6    Shoals: Lair:3-6

Altars:
Ashenzari
Cheibriados
Elyvilon
Fedhas
Kikubaaqudgha
Makhleb
Nemelex Xobeh
Okawaru
Qazlal
Sif Muna
Trog
Vehumet
Xom
Yredelemnul
Zin
The Shining One

Shops:
D:6 %=[   D:8 !

Annotations:
D:4 Kashira's ghost, average NaEn
D:6 come back, Dowan; Duvessa
D:11 exclusion: 4 doors, Gastronok
Lair:2 exclusion: oklob plant


Innate Abilities, Weirdness & Mutations

You cannot wear armour.
You are incapable of wielding weapons or throwing items.
Your paws have sharp claws.
You have razor-sharp teeth.
You have supernaturally acute eyesight.
You are carnivorous and can eat meat at any time.
You cover ground quickly.
You are covered in thick fur (AC +2).
You have a slow metabolism.
You can jump attack at a medium distance.


Message History

Aim: a centaur, wielding a shortbow (almost dead)
The magic dart hits the centaur.
You kill the centaur!
Vehumet accepts your kill.
You feel your power returning.
Things that are here:
2 arrows; the felid corpse of MirrMurr You see here 3 arrows.
Things that are here:
9 arrows; the felid skeleton of MirrMurr
Things that are here:
a shortbow of freezing; 10 arrows; a centaur corpse
Things that are here:
a shortbow; 2 arrows You swap places.
You enter the shallow water.
Moving in this stuff is going to be slow.
Partly explored, can't reach some places.
Partly explored, can't reach some places.
Are you sure you want to abandon this character and quit the game? (Confirm with "yes".)

.................................
.................................
.................................
......).............#P....%......
##P.........##############P......
##..P#.##.## ####### ####......
##..########## #.....##≈##...>...
##...########≈##.._..#≈≈###......
..+..#......#≈≈#@≈≈≈≈≈≈##......(.
##..........#≈≈≈*≈≈≈≈≈#####......
##....##..#.##≈≈≈≈≈≈≈≈# ###......
##..##########≈≈≈≈≈≈## #.#......
###..##.##.## #≈≈≈≈≈≈# #.)......
............# #.)..)(####)......%
#####.##.#### #.#...(((.((#####..
###### ####.##P##P## ###
#########


There were no monsters in sight!

Vanquished Creatures
  A fire dragon (Lair:1)
  A hydra (Lair:3)
  An unseen horror (D:9)
  A hill giant (D:11)
  An ugly thing (D:11)
  A black mamba (Lair:2)
  2 centaur skeletons (D:10)
  3 spiny frogs
  2 komodo dragons
  4 trolls
  A polar bear (Lair:2)
  7 blink frogs
  A jumping spider (Lair:3)
  3 basilisks (Lair:3)
  A hill giant zombie (D:10)
  A human (D:9)
  A wyvern (D:10)
  2 hippogriffs
  7 yaks
  2 ice beasts
  2 water moccasins
  2 sky beasts
  A yellow wasp (D:11)
  5 porcupines
  5 orc warriors
  5 ogres
  2 phantoms
  A black bear (D:9)
  A boring beetle (Lair:3)
  6 centaurs
  A necrophage (D:10)
  5 crocodiles
  A big kobold (D:7)
  9 giant frogs
  3 scorpions
  3 jellies
  8 wights
  A tengu skeleton (D:9)
  3 goliath beetles
  A quasit (D:8)
  7 orc priests
  A crimson imp (D:11)
  7 orc wizards
  An electric eel (Lair:1)
  11 hounds
  9 iguanas
  4 worker ants
  14 sheep
  A crocodile skeleton (D:6)
  An ogre skeleton (D:10)
  3 mummies
  4 gnolls
  17 adders
  12 green rats
  An orc zombie (D:10)
  3 orc skeletons
  3 worms
  A giant mite (D:1)
  8 giant geckos
  2 oozes
  36 orcs
  4 giant cockroaches
  16 goblins
  22 hobgoblins
  11 jackals
  7 quokkas
  A ball python (D:4)
  19 bats
  4 giant newts
  4 giant spores
  A hobgoblin skeleton (D:4)
  21 kobolds
  20 rats
  A rat skeleton (D:6)
  8 ballistomycetes
393 creatures vanquished.

Notes
Turn   | Place    | Note
--------------------------------------------------------------
     0 | D:1      | MirrMurr, the Felid Conjurer, began the quest for the Orb.
     0 | D:1      | Reached XP level 1. HP: 7/7 MP: 4/4
   231 | D:1      | Reached skill level 4 in Conjurations
   310 | D:1      | Reached XP level 2. HP: 11/11 MP: 0/5
   975 | D:1      | Reached XP level 3. HP: 14/14 MP: 1/8
  1039 | D:1      | Learned a level 3 spell: Dazzling Spray
  1666 | D:2      | Reached skill level 5 in Conjurations
  1853 | D:2      | Reached XP level 4. HP: 18/18 MP: 5/10
  2818 | D:2      | Reached XP level 5. HP: 17/21 MP: 3/12
  3577 | D:3      | Killed from afar by an orc wizard
  3578 | D:3      | Reached XP level 4. HP: 0/18 MP: 1/10
  3668 | D:3      | Reached skill level 6 in Conjurations
  4453 | D:4      | Found a blossoming altar of Fedhas.
  4532 | D:4      | Got a pitted ivory ring
  4533 | D:4      | Identified the ring of Akhlih {Str+5 Dex-3} (You found it on level 4 of the Dungeon)
  4571 | D:4      | Noticed Kashira's ghost (average NaEn)
  4580 | D:4      | Reached XP level 5. HP: 21/21 MP: 3/12
  4718 | D:4      | Upgraded the game from 0.15.0-14-g6bbbb5c to 0.15.0-16-gce31824
  4721 | D:4      | Found a staircase to the Ecumenical Temple.
  4753 | Temple   | Entered the Ecumenical Temple
  4910 | Temple   | Became a worshipper of Vehumet
  4954 | D:4      | Noticed a phantom
  4987 | D:4      | Killed a phantom
  5695 | D:4      | Got a glittering lapis lazuli ring
  5852 | D:5      | Entered Level 5 of the Dungeon
  6104 | D:5      | Gained mutation: You are covered in thick fur (AC +2). [growing up]
  6104 | D:5      | Gained mutation: You can jump attack at a medium distance. [growing up]
  6104 | D:5      | Reached XP level 6. HP: 10/24 MP: 8/17
  6315 | D:5      | Identified the ring of the Duchess {rC+ Stlth--} (You found it on level 4 of the Dungeon)
  6349 | D:5      | Noticed an ogre
  6395 | D:5      | Killed an ogre
  7092 | D:6      | Noticed Duvessa
  7119 | D:6      | Found a white marble altar of Elyvilon.
  7119 | D:6      | Found a deep blue altar of Sif Muna.
  7120 | D:6      | Found a sparkling altar of Nemelex Xobeh.
  7307 | D:6      | Found Acoruor's Armour Boutique.
  7312 | D:6      | Acquired Vehumet's first power
  7312 | D:6      | Offered knowledge of Flame Tongue by Vehumet.
  7312 | D:6      | Reached XP level 7. HP: 27/27 MP: 12/20
  7319 | D:6      | Learned a level 5 spell: Iskenderun's Battlesphere
  7321 | D:6      | Learned a level 1 spell: Flame Tongue
  7360 | D:6      | Learned a level 4 spell: Condensation Shield
  7498 | D:6      | Found Yghaw's Food Boutique.
  7685 | D:6      | Reached skill level 7 in Conjurations
  7685 | D:6      | Reached skill level 1 in Charms
  7888 | D:6      | HP: 1/27 [iguana (13)]
  8134 | D:6      | Found Maycsy's Jewellery Shop.
  9098 | D:6      | Noticed Dowan
  9153 | D:7      | Reached XP level 8. HP: 12/31 MP: 17/21
  9775 | D:7      | Reached skill level 5 in Charms
  9927 | D:7      | Reached skill level 8 in Conjurations
 10262 | D:7      | Found a shattered altar of Ashenzari.
 10480 | D:7      | Reached skill level 1 in Hexes
 10938 | D:7      | Offered knowledge of Shock by Vehumet.
 10979 | D:7      | Reached skill level 5 in Spellcasting
 11457 | D:8      | Found Dobyihata's Distillery.
 11464 | D:8      | Bought a potion of heal wounds for 45 gold pieces
 11464 | D:8      | Bought a potion of degeneration for 30 gold pieces
 11464 | D:8      | Bought 2 potions of magic for 165 gold pieces
 11493 | D:8      | Reached XP level 9. HP: 25/34 MP: 9/24
 11600 | D:8      | Reached skill level 9 in Conjurations
 11713 | D:8      | Got a warped silver ring
 12496 | D:9      | Identified the ring "Tyss" {SustAb +Inv Str+3 Stlth+} (You found it on level 8 of the Dungeon)
 13061 | D:9      | Noticed an unseen horror
 13285 | D:9      | Killed an unseen horror
 13463 | D:9      | Found a radiant altar of Vehumet.
 13533 | D:9      | Found a staircase to the Orcish Mines.
 13557 | D:9      | Offered knowledge of Throw Frost by Vehumet.
 13573 | D:9      | Learned a level 2 spell: Throw Frost
 13638 | D:9      | Reached skill level 10 in Conjurations
 13919 | D:9      | Learned a level 5 spell: Venom Bolt
 14005 | D:9      | Acquired Vehumet's second power
 14385 | D:10     | Entered Level 10 of the Dungeon
 14600 | D:10     | Got a glittering granite ring
 14605 | D:10     | Identified the ring of Ghamut {Str+2 Dex+1} (You found it on level 10 of the Dungeon)
 14710 | D:10     | Reached XP level 10. HP: 28/37 MP: 1/27
 15038 | D:10     | Noticed a centaur skeleton
 15064 | D:10     | Killed a centaur skeleton
 15177 | D:10     | Upgraded the game from 0.15.0-16-gce31824 to 0.15.0-18-g9076a4f
 15177 | D:10     | Noticed a centaur skeleton
 15191 | D:10     | Killed a centaur skeleton
 15476 | D:10     | Offered knowledge of Stone Arrow by Vehumet.
 15627 | D:10     | Reached skill level 11 in Conjurations
 16207 | D:11     | Learned a level 3 spell: Stone Arrow
 16305 | D:11     | Noticed Gastronok
 16761 | D:10     | Upgraded the game from 0.15.0-18-g9076a4f to 0.15.0-23-gc2b521c
 16771 | D:10     | Acquired Vehumet's third power
 17476 | D:11     | Found a staircase to the Lair.
 17476 | D:11     | Noticed an elephant
 17476 | D:11     | Noticed a hill giant
 17591 | D:11     | Reached skill level 12 in Conjurations
 17711 | D:11     | Noticed a hill giant
 17716 | D:11     | Killed a hill giant
 17716 | D:11     | Offered knowledge of Throw Icicle by Vehumet.
 17716 | D:11     | Reached XP level 11. HP: 40/40 MP: 22/29
 17722 | D:11     | Learned a level 4 spell: Throw Icicle
 17939 | D:11     | Noticed a brown ugly thing
 17954 | D:11     | Killed a brown ugly thing
 18223 | Lair:1   | Entered Level 1 of the Lair of Beasts
 18224 | Lair:1   | Upgraded the game from 0.15.0-23-gc2b521c to 0.15.0-25-gd84c1e8
 18360 | Lair:1   | Reached skill level 1 in Evocations
 18562 | Lair:1   | Noticed a fire dragon
 18583 | Lair:1   | Killed a fire dragon
 18795 | Lair:1   | Reached skill level 5 in Evocations
 19275 | Lair:2   | Upgraded the game from 0.15.0-25-gd84c1e8 to 0.15.2
 20006 | Lair:2   | Offered knowledge of Ozocubu's Refrigeration by Vehumet.
 20869 | Lair:3   | Found a hole to the Spider Nest.
 20906 | Lair:3   | Reached skill level 5 in Stealth
 21093 | Lair:3   | Noticed an eight-headed hydra
 21105 | Lair:3   | Killed an eight-headed hydra
 21310 | Lair:3   | Found a glowing silver altar of Zin.
 21316 | Lair:3   | Shot with an arrow by a centaur
 21317 | Lair:3   | Reached XP level 10. HP: -1/37 MP: 22/29
 21455 | Lair:3   | Reached XP level 11. HP: 40/40 MP: 20/29
 22008 | Lair:3   | Shot with an arrow by a centaur
 22009 | Lair:3   | Reached XP level 10. HP: -3/37 MP: 18/29
 22088 | Lair:3   | Quit the game

Action                   |  1- 3 |  4- 6 |  7- 9 | 10-12 || total
-------------------------+-------+-------+-------+-------++-------
Melee: Unarmed           |    13 |    45 |    30 |    42 ||   130
 Cast: Magic Dart        |    95 |   227 |   386 |   397 ||  1105
       Dazzling Spray    |       |    15 |   126 |    94 ||   235
       Flame Tongue      |       |       |     2 |     6 ||     8
       Condensation Shie |       |       |     1 |       ||     1
       Iskenderun's Batt |       |       |     2 |    63 ||    65
       Venom Bolt        |       |       |     1 |       ||     1
 Abil: Evoke Invisibilit |       |       |       |     1 ||     1
Evoke: Wand              |       |     2 |     1 |     3 ||     6
  Use: Scroll            |     1 |    15 |     7 |     7 ||    30
       Potion            |       |       |     1 |     1 ||     2
 Stab: Sleeping          |       |     2 |       |     1 ||     3
       Invisible         |       |       |     3 |     9 ||    12
  Eat: Chunk             |    10 |    17 |    22 |    30 ||    79
